cohdb
Replays
Latest Replays
All Replays
Popular Replays
Top Player Replays
Match Explorer
How It Works
Community
CoH3 Stats
Reddit
Sign in to upload your games and track your stats! →
Sign in with Steam
Match 28398298
Unlisted
Match 28398298
Overview
Messages
Build Orders
End
Construct Section Command Post
Infantry Section
Infantry Section
Selects Heavy Armor Battlegroup
Dingo Light Scout Car
Infantry Section
Construct Field Infirmary
Selects Engineer Detachments
Grenade Package
Construct Platoon Command Post
6-pounder Anti-tank Gun Team
Wrathment
桂妮薇尔
0
0
Comments
sign in to comment!
No comments posted yet!